 Dungeon Crawl Stone Soup version 0.26.0-18-gc5c842f807 (webtiles) character file.

Game seed: 15410019008518165840

147 painh the Skirmisher (level 5, 0/48 HPs)
             Began as a Minotaur Berserker on Jan 23, 2021.
             Was a Believer of Trog.
             Succumbed to a worker ant's poison
             ... on level 4 of the Dungeon.
             The game lasted 00:30:44 (5112 turns).

painh the Skirmisher (Minotaur Berserker)           Turns: 5112, Time: 00:30:45

Health: 0/48       AC:  6    Str: 23    XL:     5   Next: 7%
Magic:  4/4        EV: 11    Int:  4    God:    Trog [**....]
Gold:   189        SH:  0    Dex:  9    Spells: 4/4 levels left

rFire    + . .     SeeInvis .   k - -2 hand axe (curse)
rCold    . . .     Faith    .   (no shield)
rNeg     . . .     Spirit   .   q - +0 scale mail {rF+}
rPois    .         Reflect  .   (helmet restricted)
rElec    .         Harm     .   (no cloak)
rCorr    .         Rampage  .   (no gloves)
Will     .....                  (no boots)
Stlth    ..........             f - amulet of inaccuracy (curse)
HPRegen  0.16/turn              (no ring)
MPRegen  0.09/turn              (no ring)

@: lethally poisoned (0 -> -7)
A: retaliatory headbutt, horns 2
a: Renounce Religion, Berserk, Trog's Hand


You were on level 4 of the Dungeon.
You worshipped Trog.
Trog was pleased with you.
You visited 1 branch of the dungeon, and saw 4 of its levels.

You collected 189 gold pieces.

Inventory:

Hand Weapons
 a - a +0 hand axe
 k - a cursed -2 hand axe (weapon)
 s - a +1 war axe of venom
Missiles
 j - 6 javelins (quivered)
Armour
 b - a +0 animal skin
 h - a +0 chain mail
 m - a cursed -1 ring mail
 q - a +0 scale mail of fire resistance (worn)
 t - a +0 plate armour
 u - a +0 chain mail
 y - a +0 plate armour
Jewellery
 f - a cursed amulet of inaccuracy (around neck)
 z - an uncursed ring of positive energy {unknown}
Scrolls
 c - a scroll of fear
 e - 4 scrolls of noise {unknown}
 i - a scroll of immolation
 l - 5 scrolls of identify {unknown}
 v - a scroll of amnesia
 x - a scroll of teleportation {unknown}
 A - a scroll of enchant armour {unknown}
Potions
 d - a potion of brilliance {unknown}
 g - a potion of degeneration {unknown}
 n - a potion of lignification {unknown}
 o - 2 potions of magic {unknown}
 p - a potion of haste {unknown}
 r - a potion of resistance {unknown}
 w - a potion of berserk rage {unknown}


   Skills:
 + Level 5.0 Fighting
 + Level 4.6 Axes
 + Level 3.5 Armour
 + Level 3.0 Dodging
 - Level 0.6 Stealth


You had 4 spell levels left.
You didn't know any spells.
Your spell library was empty.

Dungeon Overview and Level Annotations

Branches:
Dungeon (4/15)
 Temple: D:4-7

Altars:


Innate Abilities, Weirdness & Mutations

You reflexively headbutt those who attack you in melee.
You have a pair of horns on your head.


Message History

You barely miss the orc.
* * * LOW HITPOINT WARNING * * *
You feel sick. The orc hits you with a +0 hand axe.
* * * LOW HITPOINT WARNING * * *
The worker ant barely misses you.
You slash the worker ant!
You kill the worker ant!
Trog accepts your kill.
You hit the orc but do no damage.
* * * LOW HITPOINT WARNING * * *
You feel sick. The orc closely misses you.
Your Fighting skill increases to level 5!
Your Dodging skill increases to level 3!
You have reached level 5!
Unknown command.
Unknown command.
Unknown command.
* * * LOW HITPOINT WARNING * * *
You feel sick.
You die...

.# .. ## ##.#
#. ...
##..#######. .
.. .........
.####. #.####.#
.(........
#......##
#..#.....
#...###o...#
#....... #
#.##.# #####<#
#@##.####)....#
#........)#####
#...####.####
#.#.# #.# #...#
#.. # #.. ####
#.# #.#


You could see an orc.

Vanquished Creatures
  A worker ant (D:4)
  4 adders
  An ooze (D:1)
  2 worms (D:2)
  2 dart slugs
  3 leopard geckos (D:2)
  9 orcs
  4 giant cockroaches
  5 goblins
  6 hobgoblins
  2 jackals (D:2)
  A quokka (D:3)
  7 bats
  3 frilled lizards
  6 kobolds
  3 rats
59 creatures vanquished.

Notes
Turn   | Place    | Note
-------+----------+-------------------------------------------
     0 | D:1      | painh the Minotaur Berserker began the quest for the Orb.
     0 | D:1      | Reached XP level 1. HP: 19/19 MP: 0/0
  1812 | D:1      | Reached skill level 4 in Fighting
  1812 | D:1      | Reached XP level 2. HP: 27/27 MP: 1/1
  2596 | D:2      | Reached XP level 3. HP: 23/34 MP: 2/2
  3936 | D:2      | You fall into a shaft and drop 1 floor!
  3957 | D:3      | Reached ** piety under Trog
  3958 | D:3      | Reached XP level 4. HP: 40/41 MP: 3/3
  5109 | D:4      | HP: 2/41 [orc/+0 hand axe (4)]
  5111 | D:4      | Reached skill level 5 in Fighting
  5111 | D:4      | Reached XP level 5. HP: 2/48 MP: 4/4
  5112 | D:4      | Succumbed to a worker ant's poison

Illustrated notes

Levels and vault maps discovered:
D:1:      matt_arrival_los_fun, layout_basic, minmay_pentomino_u2
D:2:      layout_loops_cross, gammafunk_temple_overflow_elements
D:3:      layout_loops_corners, minmay_fractal_squares_5
D:4:      layout_rooms, gammafunk_temple_overflow_arena,
          nemelex_dance_club_becter

Skill      XL: |  1  2  3  4 |
---------------+-------------+-----
Fighting       | 4 5 |  5.0
Axes           | 4 |  4.6
Armour         | 3 |  3.5
Dodging        | 3 |  3.0
Stealth        | |  0.6

Action                   |  1- 3 |  4- 6 || total
-------------------------+-------+-------++-------
Melee: Hand axe          |   121 |    77 ||   198
       Headbutt          |    19 |    11 ||    30
Throw: Javelin           |       |     1 ||     1
Invok: Berserk           |     5 |     1 ||     6
  Use: Scroll            |     5 |       ||     5
Armor: Chain mail        |    36 |       ||    36
       Animal skin       |     3 |       ||     3
       Scale mail        |    13 |    24 ||    37
       Plate armour      |    34 |       ||    34
Dodge: Dodged            |    68 |    51 ||   119
